 Dungeon Crawl Stone Soup version 0.18.1-48-g4cf74bf (webtiles) character file.

4208 Joat the Cleaver (level 10, -3/90 HPs)
             Began as a Hill Orc Fighter on Aug 6, 2016.
             Was a Priest of Beogh.
             Slain by a killer bee (6 damage)
             ... on level 9 of the Dungeon.
             The game lasted 00:52:54 (7061 turns).

Joat the Cleaver (Hill Orc Fighter)                 Turns: 7061, Time: 00:52:54

Health: -3/90      AC: 16    Str: 25    XL:     10   Next: 29%
Magic:  11/11      EV:  7    Int: 16    God:    Beogh [***...]
Gold:   293        SH: 14    Dex: 12    Spells: 0 memorised, 9 levels left

rFire  . . .     SeeInvis .     n - +6 hand axe "Ekhluip" {freeze, +Fly Stlth+}
rCold  . . .     Gourm    +     g - +0 chain mail
rNeg   . . .     Faith    .     c - +2 shield
rPois  .         Spirit   .     (no helmet)
rElec  .         Dismiss  .     m - +0 cloak
rCorr  .         Reflect  .     (no gloves)
SustAt .         Harm     .     (no boots)
MR     .....                    r - amulet of the gourmand
Stlth  ..........               j - +2 ring of dexterity
                                k - +3 ring of protection

@: mighty, brilliant, lethally poisoned (-3 -> -32), not resistant to hostile
enchantments, extremely unstealthy
A: no striking features
a: Smiting, Renounce Religion, Evoke Flight


You were on level 9 of the Dungeon.
You worshipped Beogh.
Beogh was most pleased with you.
You were full.

You visited 1 branch of the dungeon, and saw 9 of its levels.

You collected 477 gold pieces.
You spent 184 gold pieces at shops.

Inventory:

Hand Weapons
 n - the +6 hand axe "Ekhluip" (weapon) {freeze, +Fly Stlth+}
   (You bought it in a shop on level 8 of the Dungeon)

   It has been specially enchanted to freeze those struck by it, causing extra
   injury to most foes and up to half again as much damage against particularly
   susceptible opponents.
   It can also slow down cold-blooded creatures.
   It lets you fly.
   It makes you more stealthy.
Armour
 c - a +2 shield (worn)
 g - a +0 chain mail (worn)
 m - a +0 cloak (worn)
Jewellery
 d - an uncursed ring of positive energy
 j - a +2 ring of dexterity (right hand)
 k - a +3 ring of protection (left hand)
 r - an amulet of the gourmand (around neck)
Scrolls
 a - 2 scrolls of magic mapping {unknown}
 e - a scroll of fear {unknown}
 u - a scroll of amnesia {unknown}
 y - a scroll of remove curse
 z - 4 scrolls of identify
Potions
 b - 2 potions of brilliance
 h - a potion of mutation
 l - a potion of cancellation {unknown}
 q - a potion of ambrosia {unknown}
 s - a potion of curing {unknown}
 t - 2 potions of berserk rage {unknown}
 v - a potion of might
 x - a potion of resistance {unknown}
 A - 2 potions of cure mutation
 B - a potion of invisibility {unknown}
 E - a potion of flight {unknown}
Books
 o - a book of Summonings

   Spells                             Type                      Level
   a - Recall                         Summoning/Translocation      3
   b - Aura of Abjuration             Summoning                    5
   c - Summon Demon                   Summoning                    5
   d - Summon Forest                  Summoning/Translocation      5
   e - Summon Mana Viper              Hexes/Summoning              5
   f - Shadow Creatures               Summoning                    6
Comestibles
 f - 5 bread rations
 i - 4 beef jerkies
 p - 7 meat rations
 w - 4 fruits
 C - a slice of pizza


   Skills:
 + Level 8.7 Fighting
 * Level 12.0 Axes
 + Level 7.8 Armour
 + Level 7.9 Shields
 - Level 2.1 Invocations


You had 9 spell levels left.
You didn't know any spells.

Dungeon Overview and Level Annotations

Branches:
Dungeon (9/15)             Temple (0/1) D:7
   Lair: D:8-11         Orc: D:9-12

Altars:
Ashenzari
Fedhas
Makhleb
Trog
Vehumet
Xom
Yredelemnul
The Shining One

Shops:
D:8 =(


Message History

Drink which item? (? for menu, Esc to quit)
It was a potion of cure mutation.
It has a very clean taste.
* * * LOW HITPOINT WARNING * * *
You feel sick. The killer bee stings you!
* * * LOW HITPOINT WARNING * * *
You are more poisoned.
The killer bee poisons you!
The killer bee stings you but does no damage.
The killer bee rages.
The killer bee stings you but does no damage.
Read which item? (? for menu, Esc to quit)
Okay, then.
Okay, then.
Drink which item? (? for menu, Esc to quit)
It was a potion of brilliance.
You feel clever all of a sudden.
* * * LOW HITPOINT WARNING * * *
You feel very sick. You block the killer bee's attack.
The killer bee stings you.
You die...

. #.............#....#.# ##. .
#.#####.......#.....y####...
..#.'...#.......##..y.........
..#.#...#........#.........#
..'.#...#........#.......#
..'.#...#........#......#
..#.#...#........#.y....#
..#.#...#........#yy....#
..#.#####....[..@yyy....########
..#.............†#y............#
..#.>............#.............#
..#..............#.............#
..#).............#.............#
..#...#########+##.............#
..'...# ...............# ..#####
................# .........
................#


You could see 7 killer bees.

Vanquished Creatures
  Erolcha (D:8)
  Pikel (D:6)
  A queen bee (D:9)
  A hippogriff (D:7)
  The ghost of Joat the Skirmisher, an amateur DsFi (D:3)
  A hungry ghost (D:8)
  An orc warrior (D:6)
  3 slaves
  A phantom (D:7)
  2 sky beasts
  A black bear (D:6)
  An eye of draining (D:7)
  2 ogres (D:3)
  4 giant frogs
  A scorpion (D:4)
  4 killer bees (D:9)
  5 wights (D:7)
  2 howler monkeys
  A centaur zombie (D:5)
  3 crimson imps
  A quasit (D:6)
  A giant frog skeleton (D:9)
  3 hounds
  A jelly (D:6)
  2 orc priests
  8 orc wizards
  2 iguanas
  5 worker ants
  2 hound skeletons
  A worker ant zombie (D:8)
  3 gnolls (D:6)
  4 adders
  2 oozes
  An adder skeleton (D:4)
  A worm (D:2)
  2 dart slugs
  3 giant geckos
  21 orcs
  7 bats
  4 giant cockroaches
  10 goblins
  3 hobgoblins
  15 jackals
  2 quokkas
  2 ball pythons
  A giant gecko zombie (D:4)
  6 giant newts
  A jackal skeleton (D:4)
  2 kobolds
  A quokka zombie (D:7)
  6 rats
  A plant (D:7)
161 creatures vanquished.

Vanquished Creatures (collateral kills)
  A giant frog (D:8)
  A jackal (D:8)
2 creatures vanquished.

Vanquished Creatures (others)
  A worker ant (D:7)
  A statue (D:7)
  6 orcs
8 creatures vanquished.

Grand Total: 171 creatures vanquished

Notes
Turn   | Place    | Note
--------------------------------------------------------------
     0 | D:1      | Joat the Hill Orc Fighter began the quest for the Orb.
     0 | D:1      | Reached XP level 1. HP: 19/19 MP: 1/1
   132 | D:1      | Reached skill level 3 in Axes
   269 | D:1      | Reached XP level 2. HP: 26/27 MP: 2/2
   786 | D:2      | Reached XP level 3. HP: 32/33 MP: 3/3
  1143 | D:2      | Found a basalt altar of Yredelemnul.
  1508 | D:3      | Noticed an ogre
  1517 | D:3      | Killed an ogre
  1517 | D:3      | Reached skill level 4 in Axes
  1517 | D:3      | Reached XP level 4. HP: 22/41 MP: 4/4
  1517 | D:3      | Reached XP level 5. HP: 25/47 MP: 5/5
  1695 | D:3      | Became a worshipper of Beogh the Brigand
  1717 | D:3      | Noticed Joat's ghost (amateur DsFi)
  1731 | D:3      | Killed Joat's ghost
  1731 | D:3      | Reached skill level 5 in Fighting
  1731 | D:3      | Reached skill level 5 in Axes
  1731 | D:3      | Reached XP level 6. HP: 27/56 MP: 6/6
  1904 | D:3      | Found a glowing golden altar of the Shining One.
  1960 | D:3      | Found a shimmering altar of Xom.
  2275 | D:3      | Reached skill level 6 in Axes
  2514 | D:4      | Reached XP level 7. HP: 50/61 MP: 7/7
  2783 | D:4      | Reached * piety under Beogh
  2901 | D:4      | Reached skill level 5 in Armour
  3002 | D:5      | Entered Level 5 of the Dungeon
  3127 | D:5      | Reached skill level 7 in Axes
  3358 | D:5      | Reached skill level 5 in Shields
  3904 | D:6      | Reached XP level 8. HP: 59/70 MP: 8/8
  3921 | D:6      | Reached ** piety under Beogh
  3921 | D:6      | Reached skill level 8 in Axes
  4080 | D:6      | Found a bloodstained altar of Trog.
  4669 | D:7      | Reached skill level 1 in Invocations
  4718 | D:7      | Reached skill level 9 in Axes
  4747 | D:7      | Reached XP level 9. HP: 69/79 MP: 10/10
  4781 | D:7      | Noticed Pikel
  5235 | D:6      | Killed Pikel
  5235 | D:6      | Reached skill level 10 in Axes
  5366 | D:7      | Found a radiant altar of Vehumet.
  5510 | D:7      | Found a shattered altar of Ashenzari.
  5512 | D:7      | Found a blossoming altar of Fedhas.
  5513 | D:7      | Found a burning altar of Makhleb.
  5569 | D:7      | Found a staircase to the Ecumenical Temple.
  5891 | D:8      | Noticed Erolcha
  5898 | D:8      | Killed Erolcha
  5898 | D:8      | Reached skill level 11 in Axes
  5898 | D:8      | Reached XP level 10. HP: 76/90 MP: 11/11
  6040 | D:8      | Found Qoacyt's Antique Weapon Boutique.
  6048 | D:8      | Bought a polished hand axe for 184 gold pieces
  6048 | D:8      | Identified the +6 hand axe "Ekhluip" {freeze, +Fly Stlth+} (You bought it in a shop on level 8 of the Dungeon)
  6069 | D:8      | Reached *** piety under Beogh
  6108 | D:8      | Found Deuthrext's Jewellery Shoppe.
  7057 | D:9      | Reached skill level 12 in Axes
  7061 | D:9      | HP: 3/90 [poisoned by a killer bee]
  7061 | D:9      | Slain by a killer bee

Skill      XL: |  1  2  3  4  5  6  7  8  9 10 |
---------------+-------------------------------+-----
Axes           | 3 4 5 6 7 9 11 12 | 12.0
Fighting       | 4 5 6 7 8 |  8.7
Armour         | 4 5 6 7 |  7.8
Shields        | 4 5 6 7 |  7.9
Invocations    | 2 |  2.1

Action                   |  1- 3 |  4- 6 |  7- 9 | 10-12 || total
-------------------------+-------+-------+-------+-------++-------
Melee: War axe           |    13 |       |       |       ||    13
       Hand axe          |   102 |    62 |   355 |   100 ||   619
Invok: Convert to Beogh  |       |     1 |       |       ||     1
Evoke: Wand              |       |       |     7 |       ||     7
  Use: Potion            |     1 |     1 |     3 |     4 ||     9
       Scroll            |       |       |    13 |     2 ||    15
 Stab: Distracted        |       |       |     1 |       ||     1
  Eat: Chunk             |    16 |     4 |    13 |     8 ||    41
Armor: Chain mail        |    71 |    18 |   119 |    33 ||   241
       Scale mail        |     6 |       |       |       ||     6
Dodge: Dodged            |    17 |    14 |    49 |    19 ||    99
Block: Shield            |    65 |    26 |   165 |    56 ||   312
